 Dungeon Crawl Stone Soup version 0.18-a0-640-g2c992fa (webtiles) character file.

78 Hedron the Sneak (level 4, -1/21 HPs)
             Began as a Spriggan Enchanter on Dec 4, 2015.
             Slain by a giant gecko (2 damage)
             ... on level 2 of the Dungeon.
             The game lasted 00:06:40 (1977 turns).

Hedron the Sneak (Spriggan Enchanter)               Turns: 1977, Time: 00:06:41

Health: -1/21      AC:  3    Str:  5    XL:     4   Next: 15%
Magic:  2/10       EV: 18    Int: 16    God:
Gold:   66         SH:  5    Dex: 16    Spells: 4 memorised, 1 level left

rFire  . . .     SeeInvis +     a - +1 dagger
rCold  . . .     Clarity  .     b - +1 robe
rNeg   . . .     SustAt   .     h - +0 buckler
rPois  .         Gourm    .     (helmet restricted)
rElec  .         Spirit   .     (no cloak)
rCorr  .         Dismiss  .     (gloves unavailable)
rMut   .         Stasis   .     (boots unavailable)
MR     .....                    (no amulet)
Stlth  +++.......               (no ring)
                                j - -3 ring of slaying (curse)

@: very slightly contaminated, slowed, quick, not resistant to hostile
enchantments, fairly stealthy
A: unfitting armour, see invisible, herbivore 3, speed 3, slow metabolism 2
a: no special abilities


You were on level 2 of the Dungeon.
You were full.

You visited 1 branch of the dungeon, and saw 2 of its levels.

You collected 66 gold pieces.

Inventory:

Hand Weapons
 a - a +1 dagger (weapon)
Armour
 b - a +1 robe (worn)
 h - a +0 buckler (worn)
Jewellery
 j - a cursed -3 ring of slaying (left hand)
Scrolls
 e - a scroll of amnesia
Potions
 f - a potion of curing
 g - a potion of flight
 i - a potion of haste {unknown}
 k - a potion of heal wounds {unknown}
Books
 c - a book of Maledictions

   Spells                             Type                      Level
   a - Corona                         Hexes                        1
   b - Ensorcelled Hibernation        Hexes/Ice                    2
   c - Confuse                        Hexes                        3
   d - Tukima's Dance                 Hexes                        3
   e - Dazzling Spray                 Conjuration/Hexes            3
Comestibles
 d - a bread ration


   Skills:
 + Level 2.0 Short Blades
 + Level 3.8 Dodging
 + Level 4.9 Stealth
 + Level 3.9 Spellcasting
 + Level 4.2 Hexes


You had one spell level left.
You knew the following spells:

 Your Spells              Type           Power        Failure   Level  Hunger
a - Corona                Hex            ###....      6%          1    None
b - Ensorcelled Hibernat  Hex/Ice        #.....       21%         2    ##.....
c - Confuse               Hex            ###.....     17%         3    ###....
d - Tukima's Dance        Hex            ###.....     17%         3    ###....


Dungeon Overview and Level Annotations

Branches:
Dungeon (2/15)

Altars:

Annotations:
D:2 Terence


Innate Abilities, Weirdness & Mutations

You are tiny and cannot use many weapons and most armour.
You have supernaturally acute eyesight.
You are a herbivore.
You cover ground extremely quickly.
You need consume almost no food.


Message History

You block the bat's attack. The adder completely misses you.
The giant gecko barely misses you. The kobold misses you.
Terence zaps a wand.
You easily resist.
The adder misses you. The giant gecko closely misses you.
The kobold closely misses you. The bat barely misses you. The adder bites you.
* * * LOW HITPOINT WARNING * * *
Terence hits you with a hand axe.
* * * LOW HITPOINT WARNING * * *
The bat hits you but does no damage. The giant gecko misses you.
The adder barely misses you. The kobold misses you. Terence barely misses you.
The giant gecko misses you. You block the bat's attack.
The adder closely misses you. The kobold closely misses you.
The giant gecko completely misses you. Terence closely misses you.
The adder bites you but does no damage. You block the kobold's attack.
You block the bat's attack. The giant gecko misses you.
The adder closely misses you. Terence hits you with a hand axe.
* * * LOW HITPOINT WARNING * * *
The giant gecko bites you.
You die...

..##....#
..##.####...............
..##.####.....<.........
##.....##......#........
...#...##......#........
[..######...............
........#............#
...####.#.# #..K.....#
......#.#.###.bl@@...##
..#.###.#...#....S.....#
.##...#.....#..........#
...#.####...#...........
.....................##+
......##...............
......##................
#.......................
.†......(.......###...#


You could see Terence, an adder, a giant gecko, a bat and a kobold.

Vanquished Creatures
  2 adders
  2 worms
  A giant gecko (D:1)
  2 ball pythons (D:1)
  A giant cockroach (D:1)
  8 goblins
  12 hobgoblins
  6 kobolds (D:1)
  5 bats
  4 giant newts
  4 jackals (D:1)
  2 rats
49 creatures vanquished.

Notes
Turn   | Place    | Note
--------------------------------------------------------------
     0 | D:1      | Hedron the Spriggan Enchanter began the quest for the Orb.
     0 | D:1      | Reached XP level 1. HP: 9/9 MP: 5/5
   249 | D:1      | Reached XP level 2. HP: 8/13 MP: 4/6
   369 | D:1      | Learned a level 2 spell: Ensorcelled Hibernation
   872 | D:1      | Reached XP level 3. HP: 16/16 MP: 3/8
  1313 | D:1      | Learned a level 3 spell: Confuse
  1745 | D:2      | Reached XP level 4. HP: 21/21 MP: 10/10
  1757 | D:2      | Learned a level 3 spell: Tukima's Dance
  1960 | D:2      | Noticed Terence
  1977 | D:2      | HP: 1/21 [Terence/hand axe (1)]
  1977 | D:2      | Slain by a giant gecko

Vault maps used:
D:1:      dpeg_arrival_houses_and_road
D:2:      gammafunk_temple_overflow_statue, first_bread, st_stairs_1,
          uniq_terence

Action                   |  1- 3 |  4- 6 || total
-------------------------+-------+-------++-------
Melee: Dagger            |   103 |    27 ||   130
 Cast: Corona            |     8 |       ||     8
       Ensorcelled Hiber |    19 |     6 ||    25
       Confuse           |     1 |       ||     1
  Use: Scroll            |     4 |       ||     4
 Stab: Sleeping          |    20 |     3 ||    23
       Confused          |     2 |       ||     2
  Eat: Bread ration      |       |     1 ||     1
